 Dungeon Crawl Stone Soup version 0.27-a0-1065-ge809cff456 (webtiles) character file.

Game seed: 9120817257728615518

91 leviel the Chopper (level 4, 0/40 HPs)
             Began as a Hill Orc Fighter on Apr 23, 2021.
             Slain by Natasha (6 damage)
             ... on level 2 of the Dungeon.
             The game lasted 00:01:16 (1109 turns).

leviel the Chopper (Hill Orc Fighter)               Turns: 1109, Time: 00:01:16

Health: 0/40       AC:  7    Str: 19    XL:     4   Next: 57%
Magic:  4/4        EV:  7    Int:  8    God:
Gold:   35         SH:  9    Dex: 10    Spells: 3/3 levels left

rFire    . . .     SeeInvis .   a - +0 war axe
rCold    + . .     Faith    .   c - +0 kite shield
rNeg     . . .     Spirit   .   b - +0 scale mail
rPois    .         Reflect  .   (no helmet)
rElec    .         Harm     .   (no cloak)
rCorr    .         Rampage  .   (no gloves)
Will     .....                  (no boots)
Stlth    ..........             (no amulet)
HPRegen  0.13/turn              h - ring of protection from cold
MPRegen  0.09/turn              (no ring)

@: no status effects
A: no striking features
a: no special abilities


You were on level 2 of the Dungeon.
You visited 1 branch of the dungeon, and saw 2 of its levels.

You collected 35 gold pieces.

Inventory:

Hand Weapons
 a - a +0 war axe (weapon)
Armour
 b - a +0 scale mail (worn)
 c - a +0 kite shield (worn)
Jewellery
 h - a ring of protection from cold (left hand)
Potions
 d - a potion of might
 f - a potion of degeneration {unknown}
 i - a potion of curing {unknown}
 j - a potion of cancellation


   Skills:
 + Level 3.9 Fighting
 + Level 4.2 Axes
 + Level 4.1 Armour
 + Level 0.5 Dodging
 + Level 3.9 Shields


You had 3 spell levels left.
You didn't know any spells.
Your spell library was empty.

Dungeon Overview and Level Annotations

Branches:
Dungeon (2/15)

Altars:

Annotations:
D:2 Natasha


Message History

Natasha is nearby!
Natasha is nearby!
Natasha casts a spell at you. The magic dart hits you!
You are too injured to fight recklessly!
You are too injured to fight recklessly!
You are too injured to fight recklessly!
You are too injured to fight recklessly!
You are too injured to fight recklessly!
You are too injured to fight recklessly!
You are too injured to fight recklessly!
You are too injured to fight recklessly!
You are too injured to fight recklessly!
You are too injured to fight recklessly!
You are too injured to fight recklessly!
You are too injured to fight recklessly!
You are too injured to fight recklessly!
You are too injured to fight recklessly!
You are too injured to fight recklessly!
You are too injured to fight recklessly!
You are too injured to fight recklessly!
A giant cockroach comes into view.
Natasha stares at you and mumbles some strange words.
The magic dart hits you. Natasha claws you but does no damage.
Found 19 stones.
You hit Natasha.
Natasha is moderately wounded.
You block Natasha's attack.
Natasha stares at you and mumbles some strange words.
The magic dart hits you.
* * * LOW HITPOINT WARNING * * *
You closely miss Natasha.
Natasha is moderately wounded.
Natasha claws you!
* * * LOW HITPOINT WARNING * * *
You closely miss Natasha.
Natasha is moderately wounded.
Natasha claws you.
You die...

#K........ ####.......
.........# ###..######
## ##.......... ##.
#........(..
#..####...##......
##.##.#...............
#....Bh@...)†###......
......#####.## .....
#.... #)# ..... #...
#.# .... . #..
#......)..?..( # . #(
..............# . #
............... .
...............
...............


You could see Natasha and a giant cockroach.

Vanquished Creatures
  Natasha (twice) (D:2)
  An endoplasm (D:1)
  2 giant cockroaches
  5 hobgoblins
  4 jackals (D:1)
  3 quokkas (D:1)
  4 ball pythons
  2 bats (D:1)
  3 goblins (D:1)
  8 kobolds
  4 rats (D:1)
38 creatures vanquished.

Notes
Turn   | Place    | Note
-------+----------+-------------------------------------------
     0 | D:1      | leviel the Hill Orc Fighter began the quest for the Orb.
     0 | D:1      | Reached XP level 1. HP: 19/19 MP: 1/1
   278 | D:1      | Reached XP level 2. HP: 27/27 MP: 2/2
   666 | D:1      | Reached XP level 3. HP: 26/33 MP: 3/3
   850 | D:1      | Found a faded altar of an unknown god.
  1026 | D:2      | Noticed Natasha
  1050 | D:2      | Killed Natasha
  1051 | D:2      | Reached XP level 4. HP: 18/40 MP: 4/4
  1091 | D:2      | Noticed Natasha
  1094 | D:2      | Killed Natasha
  1102 | D:2      | Noticed Natasha
  1109 | D:2      | Slain by Natasha

Illustrated notes

Levels and vault maps discovered:
D:1:      giann_bridges, layout_loops_ring, ebering_ecumenical_altar_hall,
          chequers_serial_rivers_small_b, minmay_misc_feat_rows,
          minmay_hexomino_p4
D:2:      layout_rooms, minmay_randomly_rotated_circles, uniq_natasha

Skill      XL: |  1  2  3  4 |
---------------+-------------+-----
Axes           | 3 4 |  4.2
Armour         | 4 |  4.1
Fighting       | |  3.9
Dodging        | |  0.5
Shields        | |  3.9

Action                   |  1- 3 |  4- 6 || total
-------------------------+-------+-------++-------
Melee: War axe           |   102 |     5 ||   107
  Use: Scroll            |     2 |       ||     2
Armor: Scale mail        |    49 |     1 ||    50
Dodge: Dodged            |    47 |     1 ||    48
Block: Kite shield       |    49 |     1 ||    50

Table legend: (Time is in decaauts)
 A = Elapsed time spent in this place.
 B = Non-inter-level travel time spent in this place.
 C = Inter-level travel time spent in this place.
 D = Time resting spent in this place.
 E = Time spent auto-exploring this place.
 F = Levels seen in this place.
 G = Mean time per level.
                   A        B        C        D        E       F      G
               +--------+--------+--------+--------+--------+-----+--------+
         Total |   1171 |   1150 |     21 |     38 |    856 |   2 |  585.5 |
       Dungeon |   1171 |   1150 |     21 |     38 |    856 |   2 |  585.5 |
               +--------+--------+--------+--------+--------+-----+--------+

Top non-repeatable levels by time:
     D:1: 1034 daAuts
     D:2: 136 daAuts
